 Dungeon Crawl Stone Soup version 0.20.1-1-g8b1a95d (webtiles) character file.

7056 TheGuigne the Basher (level 10, 0/91 HPs)
             Began as a Deep Dwarf Fighter on Aug 11, 2017.
             Was a Believer of Makhleb.
             Slain by a wolf (2 damage)
             ... on level 10 of the Dungeon.
             The game lasted 00:25:04 (7405 turns).

TheGuigne the Basher (Deep Dwarf Fighter)           Turns: 7405, Time: 00:25:05

Health: 0/91       AC: 12    Str: 22    XL:     10   Next: 83%
Magic:  1/1        EV: 10    Int: 10    God:    Makhleb [**....]
Gold:   594        SH: 12    Dex: 12    Spells: 9/9 levels left

rFire    + . .     SeeInvis .   B - +1 whip
rCold    . . .     Gourm    .   c - +1 shield
rNeg     + . .     Faith    .   b - +0 scale mail
rPois    .         Spirit   .   Q - +0 helmet
rElec    .         Reflect  .   (no cloak)
rCorr    .         Harm     .   S - +0 pair of gloves
MR       +....                  (no boots)
Stlth    +.........             l - amulet of magic regeneration
Regen    0.0/turn               k - ring of positive energy
MPRegen  0.1/turn               K - ring of stealth

@: non-regenerating
A: damage resistance, heal wounds, icy blue scales 1, fire resistance 1, sense
surroundings 2, no potion heal 1, no regeneration
a: Heal Wounds, Minor Destruction, Renounce Religion


You were on level 10 of the Dungeon.
You worshipped Makhleb.
Makhleb was pleased with you.
You were hungry.

You visited 3 branches of the dungeon, and saw 12 of its levels.

You collected 594 gold pieces.

Inventory:

Hand Weapons
 a - a +0 flail
 s - a +0 blowgun
 B - a +1 whip (weapon)
Missiles
 t - 25 poisoned needles
 w - 8 steel javelins (quivered)
Armour
 b - a +0 scale mail (worn)
 c - a +1 shield (worn)
 G - a +0 large shield
 Q - a +0 helmet (worn)
 S - a +0 pair of gloves (worn)
Jewellery
 k - a ring of positive energy (left hand)
 l - an amulet of magic regeneration (around neck)
 p - an uncursed ring of fire
 D - an uncursed ring of see invisible
 E - an uncursed ring of resist corrosion
 K - a ring of stealth (right hand)
 U - a +2 ring of protection
Wands
 z - a wand of iceblast (9/15)
 I - a wand of acid (1/15)
 J - a wand of paralysis (12/24)
 R - a wand of flame (31/48)
 W - a wand of paralysis (10/24)
 Z - a wand of confusion (35/48)
Scrolls
 h - 3 scrolls of fog
 i - 8 scrolls of remove curse
 j - 3 scrolls of recharging
 q - a scroll of noise {unknown}
 u - 2 scrolls of teleportation
 x - a scroll of enchant weapon
 y - 2 scrolls of identify
 C - 2 scrolls of amnesia
 L - a scroll of random uselessness {unknown}
 M - a scroll of vulnerability {unknown}
 N - a scroll of summoning {unknown}
 P - a scroll of holy word {unknown}
 T - a scroll of immolation {unknown}
Potions
 d - 3 potions of might
 e - 3 potions of agility
 g - 4 potions of resistance
 n - 5 potions of haste
 v - a potion of ambrosia {unknown}
 A - 2 potions of heal wounds
 H - a potion of cancellation {unknown}
 O - 2 potions of curing {unknown}
 V - a potion of berserk rage {unknown}
Books
 F - a book of Clouds

   Spells                             Type                      Level
   a - Poisonous Vapours              Poison/Air                   2
   b - Mephitic Cloud                 Conjuration/Poison/Air       3
   c - Conjure Flame                  Conjuration/Fire             3
   d - Freezing Cloud                 Conjuration/Ice/Air          6
   e - Ring of Flames                 Charms/Fire                  7
 X - a book of Air

   Spells                             Type                      Level
   a - Shock                          Conjuration/Air              1
   b - Swiftness                      Charms/Air                   2
   c - Static Discharge               Conjuration/Air              3
   d - Airstrike                      Air                          4
   e - Lightning Bolt                 Conjuration/Air              5
Comestibles
 f - 5 bread rations
 m - 7 meat rations
 o - 15 fruits
 r - 5 royal jellies
 Y - 12 chunks of flesh


   Skills:
 + Level 5.7 Fighting
 - Level 12.2 Maces & Flails
 + Level 7.4 Armour
 * Level 3.1 Dodging
 + Level 8.4 Shields


You had 9 spell levels left.
You didn't know any spells.

Dungeon Overview and Level Annotations

Branches:
Dungeon (10/15)            Temple (1/1) D:7            Lair (1/6) D:10
    Orc: D:9-12

Altars:
Ashenzari
Cheibriados
Dithmenos
Elyvilon
Fedhas
Gozag
Hepliaklqana
Kikubaaqudgha
Makhleb
Nemelex Xobeh
Okawaru
Qazlal
Ru
Sif Muna
Trog
Uskayaw
Vehumet
Xom
Yredelemnul
Zin
The Shining One


Innate Abilities, Weirdness & Mutations

You are resistant to damage.
You can heal yourself by infusing magical energy.
You passively map the area around you.
You do not regenerate.
You are partially covered in icy blue scales. (AC +2)
Your flesh is heat resistant. (rF+)
Potions are less effective at restoring your health.


Message History

You see here a yak skeleton.
You barely miss the yak.
The yak is severely wounded.
The yak gores you!
* * * LOW HITPOINT WARNING * * *
Your shield and scale mail prevent you from hitting the yak.
The yak is severely wounded.
The wolf bites you.
* * * LOW HITPOINT WARNING * * *
The yak gores you!
* * * LOW HITPOINT WARNING * * *
You hit the yak but do no damage.
The yak is severely wounded.
You block the wolf's attack. You block the yak's attack.
You block the yak's attack. You block the wolf's attack.
You see here a yak corpse.
You barely miss the yak.
The yak is severely wounded.
The wolf bites you.
You die...

, , , , + **** * * *
,* * * ,, , , ### # *
** # #.###.####### #
####...##..#.hY#*##
###........##..#@##.#
.#.....#......####.##
.............#.###..#
..........##..###'.##
.##.###..#.###...###
#..## #.#.## ###.#
#### ##.## #...# #
###* #####* * , ,


You could see a yak and a wolf.

Vanquished Creatures
  A komodo dragon (D:10)
  A hippogriff (D:7)
  Sigmund (D:3)
  6 yaks (D:10)
  2 wyverns (D:10)
  A hungry ghost (D:7)
  An acid dragon (D:10)
  3 water moccasins
  An ice beast (D:7)
  An orc warrior (D:6)
  A sky beast (D:8)
  A black bear (D:8)
  4 phantoms
  3 necrophages
  4 ogres
  5 wolves (D:10)
  A centaur (D:8)
  2 crocodiles (D:10)
  9 bullfrogs
  5 scorpions
  5 killer bees (D:7)
  5 howler monkeys
  5 wights (D:8)
  5 crimson imps
  A quasit (D:9)
  3 jellies
  3 orc priests
  A centaur skeleton (D:5)
  3 hounds
  A bullfrog skeleton (D:7)
  4 iguanas
  6 orc wizards
  A hell rat (D:7)
  8 worker ants
  2 hound zombies
  2 worker ant zombies
  7 river rats
  12 adders
  3 shadow imps
  2 oozes
  An adder skeleton (D:8)
  3 worms
  A dart slug (D:1)
  6 leopard geckos
  24 orcs
  5 bats
  3 giant cockroaches
  7 goblins
  3 hobgoblins (D:1)
  7 jackals
  5 quokkas
  8 frilled lizards
  A jackal zombie (D:7)
  4 kobolds
  2 leopard gecko skeletons
  A quokka skeleton (D:4)
  21 rats
234 creatures vanquished.

Notes
Turn   | Place    | Note
-------+----------+-------------------------------------------
     0 | D:1      | TheGuigne the Deep Dwarf Fighter began the quest for the Orb.
     0 | D:1      | Reached XP level 1. HP: 20/20 MP: 1/1
    89 | D:1      | Reached XP level 2. HP: 25/27 MP: 2/2
   238 | D:1      | Reached skill level 3 in Maces & Flails
   482 | D:2      | Found a faded altar of an unknown god.
   564 | D:2      | Reached XP level 3. HP: 30/33 MP: 3/3
  1042 | D:3      | Noticed Sigmund
  1066 | D:3      | Killed Sigmund
  1066 | D:3      | Reached skill level 5 in Maces & Flails
  1066 | D:3      | Reached XP level 4. HP: 40/40 MP: 4/4
  1066 | D:3      | Reached XP level 5. HP: 46/46 MP: 5/5
  1083 | D:3      | Reached skill level 6 in Maces & Flails
  1153 | D:3      | Reached XP level 6. HP: 27/55 MP: 6/6
  1918 | D:4      | Reached skill level 7 in Maces & Flails
  2043 | D:4      | Reached XP level 7. HP: 41/60 MP: 6/6
  2053 | D:4      | Found a stormy altar of Qazlal.
  2109 | D:4      | Reached skill level 8 in Maces & Flails
  2458 | D:5      | Entered Level 5 of the Dungeon
  2569 | D:5      | Found a shattered altar of Ashenzari.
  2690 | D:5      | Reached skill level 9 in Maces & Flails
  3097 | D:5      | Reached XP level 8. HP: 37/68 MP: 6/6
  3170 | D:5      | Gained mutation: You are occasionally teleported next to monsters. [potion of mutation]
  3170 | D:5      | Gained mutation: You have a pair of small horns on your head. [potion of mutation]
  3171 | D:5      | Lost mutation: You have a pair of small horns on your head. [potion of mutation]
  3171 | D:5      | Lost mutation: You are occasionally teleported next to monsters. [potion of mutation]
  3171 | D:5      | Gained mutation: Your flesh is heat resistant. (rF+) [potion of mutation]
  3171 | D:5      | Gained mutation: Potions are less effective at restoring your health. [potion of mutation]
  3171 | D:5      | Gained mutation: You are partially covered in icy blue scales. (AC +2) [potion of mutation]
  3287 | D:6      | Reached skill level 10 in Maces & Flails
  3594 | D:6      | Reached skill level 11 in Maces & Flails
  4182 | D:7      | Found a staircase to the Ecumenical Temple.
  4197 | Temple   | Entered the Ecumenical Temple
  4285 | Temple   | Became a worshipper of Makhleb the Destroyer
  4375 | D:7      | Gained mutation: You passively map the area around you. [Deep Dwarf growth]
  4375 | D:7      | Reached XP level 9. HP: 28/74 MP: 5/5
  4472 | D:7      | Reached skill level 12 in Maces & Flails
  4971 | D:7      | Reached * piety under Makhleb
  5113 | D:7      | Reached skill level 5 in Shields
  5325 | D:8      | HP: 3/76 [orc/flail (5)]
  5429 | D:8      | Reached skill level 5 in Armour
  5717 | D:8      | Reached ** piety under Makhleb
  5721 | D:8      | Found a bloodstained altar of Trog.
  5723 | D:8      | Found a shimmering altar of Xom.
  5892 | D:8      | Reached XP level 10. HP: 35/85 MP: 3/3
  6733 | D:10     | Entered Level 10 of the Dungeon
  6987 | D:10     | Reached skill level 1 in Dodging
  7096 | D:10     | Reached skill level 5 in Fighting
  7117 | D:10     | Found a staircase to the Lair.
  7158 | Lair:1   | Entered Level 1 of the Lair of Beasts
  7324 | Lair:1   | Noticed a spiny frog
  7378 | D:10     | HP: 4/91 [wolf (5)]
  7402 | D:10     | HP: 2/91 [yak (10)]
  7405 | D:10     | Slain by a wolf

Skill      XL: |  1  2  3  4  5  6  7  8  9 10 |
---------------+-------------------------------+-----
Maces & Flails | 3 5 6 7 9 11 12 | 12.2
Armour         | 5 7 |  7.4
Shields        | 6 8 |  8.4
Fighting       | 3 5 |  5.7
Dodging        | 3 |  3.1

Action                   |  1- 3 |  4- 6 |  7- 9 | 10-12 || total
-------------------------+-------+-------+-------+-------++-------
Melee: Flail             |   120 |   153 |     8 |       ||   281
       Whip              |       |       |  1029 |   654 ||  1683
Invok: Minor Destruction |       |       |       |     1 ||     1
 Abil: Heal Wounds       |     1 |     3 |    19 |    10 ||    33
  Use: Scroll            |       |       |    12 |     1 ||    13
       Potion            |       |       |     2 |     1 ||     3
  Eat: Chunk             |     1 |     2 |    17 |     5 ||    25
       Fruit             |       |     1 |       |       ||     1
Armor: Scale mail        |    52 |    75 |   242 |   160 ||   529
Dodge: Dodged            |    45 |    45 |   191 |   132 ||   413
Block: Shield            |    53 |    84 |   360 |   256 ||   753
